 Dungeon Crawl Stone Soup version 0.19.5 (webtiles) character file.

68 Kahvikuppo the Skirmisher (level 4, 0/37 HPs)
             Began as a Demonspawn Berserker on Apr 17, 2017.
             Was a Follower of Trog.
             Succumbed to an adder's poison
             ... on level 2 of the Dungeon.
             The game lasted 00:05:01 (1522 turns).

Kahvikuppo the Skirmisher (Demonspawn Berserker)    Turns: 1522, Time: 00:05:01

Health: 0/37       AC:  8    Str: 18    XL:     4   Next: 1%
Magic:  4/4        EV:  7    Int:  8    God:    Trog [*.....]
Gold:   53         SH:  0    Dex: 13    Spells: 0 memorised, 3 levels left

rFire  . . .     SeeInvis .     f - +0 spear
rCold  . . .     Gourm    .     j - +0 chain mail
rNeg   . . .     Faith    .     (no shield)
rPois  .         Spirit   +     (no helmet)
rElec  .         Reflect  .     (no cloak)
rCorr  .         Harm     .     (no gloves)
MR     .....                    (no boots)
Stlth  ..........               (no amulet)
                                (no ring)
                                (no ring)

@: lethally poisoned (0 -> -6), exhausted, slowed, very slow
A: hooves 1, demonic guardian 1, magic shield
a: Berserk, Burn Spellbooks, Renounce Religion


You were on level 2 of the Dungeon.
You worshipped Trog.
Trog was aware of your devotion.
You were not hungry.

You visited 1 branch of the dungeon, and saw 2 of its levels.

You collected 53 gold pieces.

Inventory:

Hand Weapons
 a - a +0 falchion
 f - a +0 spear (weapon)
Armour
 b - a +0 animal skin
 i - a +0 ring mail
 j - a +0 chain mail (worn)
Scrolls
 d - 2 scrolls of remove curse {unknown}
 h - a scroll of amnesia {unknown}
 l - a scroll of noise {unknown}
 m - a scroll of identify {unknown}
Potions
 c - 3 potions of curing {unknown}
 e - a potion of cure mutation {unknown}
 g - a potion of cancellation {unknown}
 k - a potion of agility {unknown}


   Skills:
 + Level 3.7 Fighting
 + Level 3.5 Long Blades
 + Level 1.0 Polearms
 + Level 1.9 Armour
 + Level 1.8 Dodging
 + Level 0.2 Stealth


You had 3 spell levels left.
You didn't know any spells.

Dungeon Overview and Level Annotations

Branches:
Dungeon (2/15)

Altars:
Hepliaklqana


Innate Abilities, Weirdness & Mutations

You have large cloven feet.
A weak demonic guardian rushes to your aid.
When hurt, damage is shared between your health and your magic reserves.


Message History

You puncture the adder!
You kill the adder!
Trog accepts your kill.
You have reached level 4!
You feel agile.
Your demonic ancestry asserts itself...
You feel the presence of a demonic guardian.
* * * LOW HITPOINT WARNING * * *
You feel sick.
You feel a strong urge to attack something.
You are no longer berserk.
You are exhausted.
You feel yourself slow down.
* * * LOW HITPOINT WARNING * * *
You feel sick.
You see here a bread ration.
There is a lethal amount of poison in your body!
There is a lethal amount of poison in your body!
* * * LOW HITPOINT WARNING * * *
You feel sick.
You die...

####### #.....# .#.
#.....# _. ......# .#
.##..## #.#
......########## ..#
...............##.#
####..#.######....####
# ##.........%.@....#
#####.................#
.........†............#
##...........†...>....#
#####.<..............#
....................#
..##.................#
#. #....###..........#
# #..##.# ###.......


There were no monsters in sight!

Vanquished Creatures
  A gnoll (D:1)
  2 adders (D:2)
  An ooze (D:1)
  A dart slug (D:1)
  2 leopard geckos (D:2)
  2 giant cockroaches (D:1)
  4 goblins (D:1)
  3 hobgoblins (D:1)
  4 jackals (D:1)
  2 kobolds
  A quokka (D:2)
  6 bats
  2 frilled lizards
31 creatures vanquished.

Notes
Turn   | Place    | Note
-------+----------+-------------------------------------------
     0 | D:1      | Kahvikuppo the Demonspawn Berserker began the quest for the Orb.
     0 | D:1      | Reached XP level 1. HP: 18/18 MP: 1/1
   320 | D:1      | Gained mutation: When hurt, damage is shared between your health and your magic reserves. [demonic ancestry]
   320 | D:1      | Reached XP level 2. HP: 5/24 MP: 2/2
   936 | D:1      | Gained mutation: You have large cloven feet. [demonic ancestry]
   936 | D:1      | Reached XP level 3. HP: 28/29 MP: 3/3
  1503 | D:2      | Reached skill level 1 in Polearms
  1517 | D:2      | Gained mutation: A weak demonic guardian rushes to your aid. [demonic ancestry]
  1517 | D:2      | Reached XP level 4. HP: 4/37 MP: 4/4
  1521 | D:2      | HP: 1/37 [poisoned by an adder]
  1522 | D:2      | Found a hazy altar of Hepliaklqana.
  1522 | D:2      | Succumbed to an adder's poison

Skill      XL: |  1  2  3 |
---------------+----------+-----
Long Blades    | 3 |  3.5
Polearms       | 1 |  1.0
Fighting       | |  3.7
Armour         | |  1.9
Dodging        | |  1.8
Stealth        | |  0.2

Action                   |  1- 3 |  4- 6 || total
-------------------------+-------+-------++-------
Melee: Falchion          |    22 |       ||    22
       Spear             |    99 |       ||    99
       Kick              |    11 |       ||    11
Invok: Berserk           |     2 |       ||     2
 Stab: Distracted        |     1 |       ||     1
  Eat: Bread ration      |     1 |       ||     1
Armor: Animal skin       |     9 |       ||     9
       Chain mail        |    59 |       ||    59
       Ring mail         |     7 |       ||     7
Dodge: Dodged            |    77 |       ||    77
       Rpst.: Falchion   |     3 |       ||     3
